 Dungeon Crawl Stone Soup version 0.27.1-3-gb3d3a73c9e (webtiles) character file.

Game seed: 6145887261278169313

16 H0rd4k the Charlatan (level 2, -2/21 HPs)
             Began as a Human Artificer on Oct 18, 2021.
             Slain by a quokka (4 damage)
             ... on level 1 of the Dungeon.
             The game lasted 00:00:47 (958 turns).

H0rd4k the Charlatan (Human Artificer)               Turns: 958, Time: 00:00:47

Health: -2/21      AC:  3    Str: 12    XL:     2   Next: 75%
Magic:  2/2        EV: 11    Int: 11    God:
Gold:   19         SH:  0    Dex: 13    Spells: 1/1 levels left

rFire    . . .     SeeInvis .   f - +0 dagger (elec)
rCold    . . .     Faith    .   (no shield)
rNeg     . . .     Spirit   .   b - +0 leather armour
rPois    .         Reflect  .   (no helmet)
rElec    .         Harm     .   (no cloak)
rCorr    .         Rampage  .   (no gloves)
Will     .....                  (no boots)
Stlth    +.........             (no amulet)
HPRegen  0.07/turn              (no ring)
MPRegen  0.08/turn              (no ring)

@: no status effects
A: no striking features
a: no special abilities


You were on level 1 of the Dungeon.
You visited 1 branch of the dungeon, and saw 1 of its levels.

You collected 19 gold pieces.

Inventory:

Hand Weapons
 f - a +0 dagger of electrocution (weapon)
Armour
 b - a +0 leather armour (worn)
Wands
 c - a wand of flame (15) (quivered)
 d - a wand of charming (13)
Scrolls
 a - a scroll of vulnerability {unknown}
Miscellaneous
 e - a piece from Xom's chessboard (15/15)


   Skills:
 + Level 1.3 Fighting
 + Level 0.2 Short Blades
 - Level 2.0 Armour
 + Level 1.3 Dodging
 - Level 1.0 Stealth
 + Level 3.4 Evocations


You had one spell level left.
You didn't know any spells.
Your spell library was empty.

Dungeon Overview and Level Annotations

Branches:
Dungeon (1/15)

Altars:


Message History

The jackal is charmed.
Your jackal bites the jackal but does no damage.
The jackal barely misses your jackal.
Your jackal bites the jackal.
What are your orders? t - Shout!
Orders for allies: a - Attack new target. p - Attack previous target. r - Retreat! s - Stop attacking. g - Guard the area. f - Follow me.
Anything else - Cancel.
Guard this area!
The jackal bites your jackal.
Your jackal dies!
Your jackal closely misses the jackal.
The jackal misses your jackal.
Your jackal barely misses the jackal.
The jackal bites your jackal.
Your jackal closely misses the jackal.
The jackal closely misses your jackal.
Your jackal bites the jackal but does no damage.
The jackal closely misses your jackal.
Your jackal bites the jackal.
The jackal misses your jackal.
Your jackal barely misses the jackal.
The jackal bites your jackal.
You closely miss the jackal.
The jackal bites you but does no damage.
Your jackal bites the jackal.
The jackal barely misses your jackal.
You hit the jackal.
The jackal is heavily wounded.
The jackal closely misses you.
Your jackal misses the jackal.
The jackal bites your jackal but does no damage.
The jackal misses you.
Your jackal bites the jackal but does no damage.
You hit the jackal.
You kill the jackal!
The jackal barely misses your jackal.
Your jackal bites the jackal.
The jackal completely misses your jackal.
The kobold shouts!
You hear a bark!
The kobold throws a stone.
The stone barely misses you.
A quokka comes into view.
A frilled lizard comes into view.
The quokka bites you.
* * * LOW HITPOINT WARNING * * *
The quokka bites you.
You die...

##.##.............##..
....K................
.
.##.##.#..#g......##..
# ......#..#.......#
.. .##.####K.#.......
# #..#...#
#.h#...###.#
#...r.......
#...@#.##.. ####.# ...
.l... ####... ...#
...# ....


You could see a quokka, a jackal, a hobgoblin, a kobold and a frilled lizard
(asleep).

Vanquished Creatures
  4 endoplasms (D:1)
  A jackal (D:1)
  2 kobolds (D:1)
  2 quokkas (D:1)
  3 ball pythons (D:1)
  A rat (D:1)
13 creatures vanquished.

Vanquished Creatures (others)
  2 jackals (D:1)
2 creatures vanquished.

Grand Total: 15 creatures vanquished

Notes
Turn   | Place    | Note
-------+----------+-------------------------------------------
     0 | D:1      | H0rd4k the Human Artificer began the quest for the Orb.
     0 | D:1      | Reached XP level 1. HP: 15/15 MP: 1/1
   326 | D:1      | Reached XP level 2. HP: 7/21 MP: 2/2
   958 | D:1      | Slain by a quokka

Illustrated notes

Levels and vault maps discovered:
D:1:      tarquinn_simple_flora_water_d, layout_basic,
          shapermc_ecumenical_altar_pompeii, chequers_decorated_corner

Action                   || total
-------------------------++-------
Melee: Dagger            ||    46
       Club              ||     9
Evoke: Wand              ||     2
Armor: Leather armour    ||    17
Dodge: Dodged            ||    36
